 Dungeon Crawl Stone Soup version 0.23-a0-389-g4a5eb334b0 (console) character file.

19 Juicog the Covered (level 2, -7/27 HPs)
             Began as a Minotaur Fighter on Oct 30, 2018.
             Mangled by a gnoll
             ... wielding a +0 halberd
              (9 damage)
             ... on level 2 of the Dungeon.
             The game lasted 00:03:29 (247 turns).

Juicog the Covered (Minotaur Fighter)                Turns: 247, Time: 00:03:30

Health: -7/27      AC:  7    Str: 20    XL:     2   Next: 55%
Magic:  1/1        EV:  5    Int:  5    God:
Gold:   17         SH: 14    Dex:  9    Spells: 1/1 levels left

rFire    . . .     SeeInvis .   a - +0 long sword
rCold    . . .     Gourm    .   e - +0 large shield (curse)
rNeg     . . .     Faith    .   b - +0 scale mail
rPois    .         Spirit   .   (helmet restricted)
rElec    .         Reflect  .   (no cloak)
rCorr    .         Harm     .   (no gloves)
MR       .....                  (no boots)
Stlth    ..........             (no amulet)
HPRegen  0.09/turn              (no ring)
MPRegen  0.07/turn              (no ring)

@: no status effects
A: retaliatory headbutt, horns 2
a: no special abilities


You were on level 2 of the Dungeon.
You were not hungry.

You visited 1 branch of the dungeon, and saw 2 of its levels.

You collected 17 gold pieces.

Inventory:

Hand Weapons
 a - a +0 long sword (weapon)
Armour
 b - a +0 scale mail (worn)
 c - a +0 shield
 e - a cursed +0 large shield (worn)
 h - a +0 leather armour
Potions
 d - a potion of might
 g - a potion of degeneration {unknown}
 i - a potion of curing {unknown}
Comestibles
 f - 2 rations


   Skills:
 + Level 4.0 Fighting
 + Level 2.5 Long Blades
 + Level 4.2 Armour
 + Level 3.9 Shields


You had one spell level left.
You didn't know any spells.
Your spell library was empty.

Dungeon Overview and Level Annotations

Branches:
Dungeon (2/15)

Altars:


Innate Abilities, Weirdness & Mutations

You reflexively headbutt those who attack you in melee.
You have a pair of horns on your head.


Message History

The gnoll hits you from afar with a +0 halberd.
The gnoll hits you but does no damage.
You closely miss the gnoll. You block the gnoll's attack.
The gnoll hits you You block the ball python's attack.
The ball python barely misses you.
The gnoll hits you from afar with a +0 halberd.
Your shield and scale mail prevent you from hitting the gnoll.
You block the ball python's attack. x2; The gnoll hits you but does no damage.
The gnoll hits you from afar with a +0 halberd!
* * * LOW HITPOINT WARNING * * *
A gnoll comes into view.
The gnoll hits you but does no damage.
The ball python bites you but does no damage.
You block the ball python's attack. The gnoll hits you.
* * * LOW HITPOINT WARNING * * *
The gnoll shouts!
You hit the ball python.
The ball python is severely wounded.
A rat comes into view.
The gnoll hits you from afar with a +0 halberd!
You die...

### r. #.. ...
#.# .... #.# ..
....#####<# g..
.......#..##....
................
......).gg......
.......@.g......
.......S<....>..
................
.........(......
...>.......[....
................
.#####..........
#...######


You could see 4 gnolls, a ball python and a rat (wandering).

Vanquished Creatures
  2 dart slugs (D:1)
  2 hobgoblins (D:1)
  4 jackals (D:1)
  2 kobolds
  4 frilled lizards (D:1)
  A rat (D:1)
15 creatures vanquished.

Notes
Turn   | Place    | Note
-------+----------+-------------------------------------------
     0 | D:1      | Juicog the Minotaur Fighter began the quest for the Orb.
     0 | D:1      | Reached XP level 1. HP: 19/19 MP: 0/0
    20 | D:1      | jee
   205 | D:1      | Reached XP level 2. HP: 26/27 MP: 1/1
   246 | D:2      | HP: 1/27 [gnoll (2)]
   247 | D:2      | Mangled by a gnoll

Vault maps used:
D:1:      dpeg_arrival_water_temple_mockup, dk_noncrumbling_3, moated_statue,
          item_on_display_a
D:2:      minmay_pentomino_u4, uniq_sigmund, uniq_robin

Skill      XL: |  1  2 |
---------------+-------+-----
Fighting       | 4 |  4.0
Armour         | 4 |  4.2
Long Blades    | |  2.5
Shields        | |  3.9

Action                   || total
-------------------------++-------
Melee: Long sword        ||    31
       Headbutt          ||     4
Armor: Scale mail        ||    11
Dodge: Dodged            ||     6
Block: Large shield      ||    20
       Shield            ||     3

Table legend:
 A = Non-vault XP
 B = Vault XP
 C = Vault XP percentage of total XP
 D = Non-vault monster count
 E = Vault monster count
 F = Vault count percentage of total count
                 A         B        C        D         E       F
            +---------+---------+-------+---------+---------+-------
      Total |      28 |       0 |   0.0 |      15 |       0 |   0.0
            +---------+---------+-------+---------+---------+-------
        D:1 |      27 |       0 |   0.0 |      14 |       0 |   0.0
        D:2 |       1 |       0 |   0.0 |       1 |       0 |   0.0
            +---------+---------+-------+---------+---------+-------
